 Dungeon Crawl Stone Soup version 0.22-a0-757-gdba82d8 (webtiles) character file.

468083 sking99 the Hoplite (level 23, -2/153 HPs)
             Began as a Demonspawn Gladiator on July 16, 2018.
             Was an Initiate of Gozag.
             Slain by an eight-headed hydra simulacrum (4 damage)
             ... on level 3 of the Abyss.
             The game lasted 02:29:39 (52975 turns).

sking99 the Hoplite (Demonspawn Gladiator)         Turns: 52975, Time: 02:29:40

Health: -2/153     AC: 26    Str: 19      XL:     23   Next: 48%
Magic:  0/32       EV: 15    Int:  5 (6)  God:    Gozag
Gold:   7020       SH:  0    Dex: 24      Spells: 22/22 levels left

rFire    + . .     SeeInvis +   A - +6 demon whip (vamp)
rCold    + . .     Gourm    .   c - +10 large shield of Ignorance {rN+ Int-4}
rNeg     + . .     Faith    .   L - +1 crystal plate armour
rPois    .         Spirit   +   (helmet unavailable)
rElec    +         Reflect  .   b - +0 cloak "Ecrof" {+Inv Dex+2 Slay+5 Stlth-}
rCorr    .         Harm     .   Q - +1 pair of gloves
MR       +....     Rnd*Rage +   i - +0 pair of boots (curse)
Stlth    ..........             t - amulet "Bull" {Spirit Slay+5}
HPRegen  1.35/turn              o - ring of protection from cold
MPRegen  0.23/turn              y - ring "Labazot" {rElec AC+2 Dex+6 SInv}

@: confused, repel missiles, very slow
A: horns 3, repulsion field 3, [berserk 3], blurry vision 1[+2], deformed body,
demonic guardian 3, deterioration 1[+1], fire resistance 1, frail 2, powered by
death 3, weak 2
}: 2/15 runes: decaying, serpentine
a: Potion Petition, Call Merchant, Bribe Branch, Renounce Religion, Evoke
Invisibility


You were on level 3 of the Abyss.
You worshipped Gozag.
Gozag was greatly pleased with you.
You were hungry.

You visited 8 branches of the dungeon, and saw 41 of its levels.
You visited the Abyss 2 times.
You also visited: Bailey, Ice Cave and Wizlab.

You collected 25474 gold pieces.
You spent 6415 gold pieces at shops.
You paid 12039 gold pieces to Gozag.

Inventory:

Hand Weapons
 A - a +6 vampiric demon whip (weapon)
 N - a +1 morningstar
Missiles
 d - 7 throwing nets (quivered)
Armour
 b - the +0 cloak "Ecrof" (worn) {+Inv Dex+2 Slay+5 Stlth-}
   (You found it on level 9 of the Dungeon)

   It affects your dexterity (+2).
   It affects your accuracy and damage with ranged weapons and melee attacks
   (+5).
   It lets you turn invisible.
   It makes you less stealthy.
 c - the +10 large shield of Ignorance (worn) {rN+ Int-4}
   (You bought it in a shop on level 2 of the Lair of Beasts)

   It affects your intelligence (-4).
   It protects you from negative energy.
 i - a cursed +0 pair of boots (worn)
 z - a +2 pair of boots
 L - a +1 crystal plate armour (worn)
 Q - a +1 pair of gloves (worn)
Jewellery
 o - a ring of protection from cold (left hand)
 t - the amulet "Bull" (around neck) {Spirit Slay+5}
   (You acquired it on level 1 of the Vaults)

   [amulet of guardian spirit]

   It causes incoming damage to be split between your health and magic.
   It affects your accuracy and damage with ranged weapons and melee attacks
   (+5).
 y - the ring "Labazot" (right hand) {rElec AC+2 Dex+6 SInv}
   (You bought it in a shop on level 4 of the Lair of Beasts)

   [ring of protection]

   It affects your AC (+2).
   It affects your dexterity (+6).
   It insulates you from electricity.
   It lets you see invisible.
 Z - the ring "Acexasau" {Ice MR+ Stlth+}
   (You bought it in a shop on level 3 of the Vaults)

   [ring of ice]

   It enhances your ice magic.
   It makes you vulnerable to fire.
   It protects you from cold.
   It affects your resistance to hostile enchantments.
   It makes you more stealthy.
Wands
 a - a wand of paralysis (21)
 u - a wand of disintegration (24)
 C - a wand of acid (32)
 D - a wand of iceblast (41)
 E - a wand of random effects (31)
 F - a wand of flame (27)
 H - a wand of digging (56)
 J - a wand of clouds (20)
 T - a wand of scattershot (5)
 V - a wand of enslavement (11)
Scrolls
 e - 2 scrolls of magic mapping
 k - 16 scrolls of remove curse
 n - 5 scrolls of fog
 s - 19 scrolls of teleportation
 v - 4 scrolls of silence
 w - 3 scrolls of enchant armour
 x - 4 scrolls of immolation
 K - 3 scrolls of blinking
 O - a scroll of summoning
 P - 12 scrolls of identify
 S - 3 scrolls of fear
 U - 4 scrolls of amnesia
Potions
 g - 7 potions of cancellation
 h - 8 potions of agility
 j - 9 potions of haste
 l - 2 potions of resistance
 p - 6 potions of brilliance
 q - 6 potions of ambrosia
 B - 7 potions of flight
 G - 2 potions of curing
 I - 4 potions of might
 M - 2 potions of heal wounds
 R - 2 potions of magic
 X - 2 potions of invisibility
 Y - 3 potions of mutation
Miscellaneous
 m - a lamp of fire
 r - a lightning rod (4/4)
Comestibles
 f - 10 rations


   Skills:
 + Level 18.4 Fighting
 - Level 14.0 Maces & Flails
 - Level 1.8 Throwing
 - Level 15.9 Armour
 - Level 13.4 Dodging
 * Level 22.7 Shields
 * Level 12.9 Evocations


You had 22 spell levels left.
You didn't know any spells.
Your spell library contained the following spells:

 Spells                   Type           Power        Failure   Level  Hunger
 Cause Fear               Hex            #.........   100%        4    #####..
 Fireball                 Conj/Fire      #.........   100%        5    ######.
 Bolt of Fire             Conj/Fire      #.........   100%        6    #######
 Bolt of Cold             Conj/Ice       #.........   100%        6    #######
 Lightning Bolt           Conj/Air       #.........   100%        5    ######.
 Bolt of Magma            Conj/Fire/Erth #.........   100%        5    ######.
 Slow                     Hex            #.......     100%        2    ###....
 Confuse                  Hex            #.......     100%        3    ####...
 Invisibility             Hex            #.......     100%        6    #######
 Throw Frost              Conj/Ice       #.....       100%        2    ###....
 Controlled Blink         Tloc           N/A          100%        8    #######
 Freezing Cloud           Conj/Ice/Air   #.........   100%        6    #######
 Ring of Flames           Chrm/Fire      #.........   100%        7    #######
 Venom Bolt               Conj/Pois      #.........   100%        5    ######.
 Bolt of Draining         Conj/Necr      #.........   100%        5    ######.
 Animate Skeleton         Necr           N/A          100%        1    ##.....
 Freeze                   Ice            #...         100%        1    ##.....
 Ozocubu's Refrigeration  Ice            #.........   100%        6    #######
 Summon Ice Beast         Ice/Summ       #.......     100%        4    #####..
 Ozocubu's Armour         Chrm/Ice       #.......     100%        3    ####...
 Dispel Undead            Necr           #.......     100%        5    ######.
 Sublimation of Blood     Necr           #.........   100%        2    ###....
 Corpse Rot               Necr           N/A          100%        2    ###....
 Iron Shot                Conj/Erth      #.........   100%        6    #######
 Stone Arrow              Conj/Erth      #.....       100%        3    ####...
 Shock                    Conj/Air       #...         100%        1    ##.....
 Swiftness                Chrm/Air       #.......     100%        2    ###....
 Agony                    Necr           #.......     100%        5    ######.
 Spider Form              Tmut/Pois      #.........   100%        3    ####...
 Blade Hands              Tmut           #.........   100%        5    ######.
 Statue Form              Tmut/Erth      #........    100%        6    #######
 Ice Form                 Ice/Tmut       #.......     100%        4    #####..
 Dragon Form              Tmut           #.........   100%        7    #######
 Deflect Missiles         Chrm/Air       #.........   100%        6    #######
 Throw Icicle             Conj/Ice       #.......     100%        4    #####..
 Airstrike                Air            #.........   100%        4    #####..
 Confusing Touch          Hex            #.....       100%        1    ##.....
 Passwall                 Tmut/Erth      #.......     100%        2    ###....
 Ignite Poison            Fire/Tmut/Pois #.......     100%        3    ####...
 Sticks to Snakes         Tmut           #.......     100%        2    ###....
 Metabolic Englaciation   Hex/Ice        #.........   100%        5    ######.
 Shatter                  Erth           #.........   100%        9    #######
 Dispersal                Tloc           #.........   100%        6    #######
 Static Discharge         Conj/Air       #.......     100%        3    ####...
 Corona                   Hex            #......      100%        1    ##.....
 Lee's Rapid Deconstruct  Erth           #.........   100%        5    ######.
 Simulacrum               Ice/Necr       #.........   100%        6    #######
 Excruciating Wounds      Chrm/Necr      #.........   100%        5    ######.
 Portal Projectile        Hex/Tloc       #.....       100%        3    ####...
 Petrify                  Tmut/Erth      #.......     100%        4    #####..
 Passage of Golubria      Tloc           N/A          100%        4    #####..
 Orb of Destruction       Conj           #.........   100%        7    #######
 Leda's Liquefaction      Hex/Erth       #.........   100%        4    #####..
 Summon Hydra             Summ           #.........   100%        7    #######
 Darkness                 Hex            #.........   100%        6    #######
 Inner Flame              Hex/Fire       #.......     100%        3    ####...
 Beastly Appendage        Tmut           #.....       100%        1    ##.....
 Disjunction              Tloc           #.........   100%        8    #######
 Iskenderun's Battlesphe  Conj/Chrm      #.......     100%        5    ######.
 Force Lance              Conj/Tloc      #.......     100%        4    #####..
 Summon Forest            Summ/Tloc      #.........   100%        5    ######.
 Spellforged Servitor     Conj/Summ      #.........   100%        7    #######
 Hydra Form               Tmut           #.........   100%        6    #######
 Irradiate                Conj/Tmut      #.........   100%        5    ######.
 Gell's Gravitas          Tloc           #.........   100%        3    ####...
 Yara's Violent Unravell  Hex/Tmut       #.........   100%        5    ######.
 Ignition                 Fire           #.........   100%        8    #######


Dungeon Overview and Level Annotations

Branches:
Dungeon (15/15)            Temple (1/1) D:4            Lair (6/6) D:11
  Swamp (4/4) Lair:4        Snake (4/4) Lair:2        Slime (0/5) Lair:6
    Orc (2/2) D:11            Elf (0/3) Orc:2        Vaults (4/5) D:14
  Crypt (0/3) Vaults:3     Depths (5/5) D:15            Zot (0/5) Depths:5

Altars:
Ashenzari
Cheibriados
Dithmenos
Elyvilon
Fedhas
Gozag
Hepliaklqana
Makhleb
Nemelex Xobeh
Okawaru
Qazlal
Ru
Sif Muna
Trog
Uskayaw
Vehumet
Wu Jian
Xom
Yredelemnul
Zin
The Shining One
Beogh
Jiyva

Shops:
D:13 (   D:15 !   Orc:2 *([:   Lair:2 [   Lair:4 =[   Snake:1 %   Snake:3 %
Vaults:2 [   Vaults:3 *   Vaults:4 ==

Portals:
Hell: Depths:1 Depths:2 Depths:3 Depths:4 Depths:5
Abyss: Depths:2 Depths:4 Depths:5
Pandemonium: Depths:1 Depths:3 Depths:4
Ziggurat: Depths:1

Annotations:
D:4 3 runed doors, EnegeticOcto's ghost, amateur DDFi; PeterMcNeter's ghost, amateur FoFi
D:7 2 runed doors, Mamutox's ghost, novice OgCK
D:15 3 runed doors, chorionicmirror's ghost, journeyman DsGl
Lair:3 1 runed door, Peny's ghost, journeyman MiFi
Lair:6 1 runed door, exclusion: 4 oklob plants
Swamp:3 2 transporters
Vaults:2 3 runed doors, exclusion: obsidian statue
Depths:3 2 transporters, Amnesiac's ghost, adept SpEE


Innate Abilities, Weirdness & Mutations

You have a pair of large horns on your head.
You are surrounded by a strong repulsion field. (EV +4, RMsl)
A powerful demonic guardian rushes to your aid.
Your flesh is heat resistant. (rF+)
You regenerate a lot of health from kills.
Armour fits poorly on your strangely shaped body.
You are very frail. (-20% HP)
You are very weak. (Str -4)
[You have an uncontrollable temper.]
[Scrolls take you much longer to read.]
[Your body often deteriorates upon taking damage.]


Message History

You are more confused.
The demonic crawler hits you but does no damage.
The demonic crawler hits you.
* * * LOW HITPOINT WARNING * * *
The demonic crawler hits you but does no damage.
The red devil hits you from afar with a trident!
* * * LOW HITPOINT WARNING * * *
The hell knight casts a spell at you. Pain shoots through your body!
* * * LOW HITPOINT WARNING * * *
The merfolk javelineer misses you. The smoke demon gestures at you.
The sticky flame hits you!
The eight-headed hydra simulacrum misses you.
The eight-headed hydra simulacrum bites you but does no damage.
The eight-headed hydra simulacrum barely misses you.
The eight-headed hydra simulacrum bites you but does no damage.
The eight-headed hydra simulacrum bites you.
You die...
Your body crumbles into a pile of gold.

. ≈§≈ ≈. ..###
...# ≈≈≈≈≈. ..#.
....##
≈≈≈..≈≈v.#..
#.#...#
≈≈≈$.#..##.#...##
≈..##.$#$#.#.....#
≈.≈.$.$h$#.G.....
≈ ≈...$.≈$mp4..$#.
.. .
..$..$E*s3≈v$♣ . ≈
....$.$2p@3≈.♣♣ .
≈ $.....♣v.Z≈♣♣ $
$...$.vvG♣≈♣
......v.v.≈.
.'..≈.v......# ≈#≈
≈≈≈$..$♣♣♣#♣♣.# .♣
...h≈≈...h .. .
≈♣♣♣♣h≈≈≈.$? . ≈
≈≈.♣ . ..


You could see a merfolk javelineer, 2 spatial maelstroms, a wretched star, a
blizzard demon, 2 hell knights, a demonic crawler, 6 spatial vortices, a water
elemental, a sixfirhy, a smoke demon, 3 raiju, a red devil, 2 golden eyes and an
eight-headed hydra simulacrum.

Vanquished Creatures
  Mara (Depths:1)
  A juggernaut (Depths:5)
  A greater mummy (WizLab)
  Frederick (Depths:5)
  the Lernaean hydra (Swamp:4)
  Saint Roka (Vaults:1)
  2 golden dragons
  A bone dragon (Abyss:2)
  A tentacled monstrosity (Depths:2)
  3 liches
  An Executioner (Abyss:2)
  11 tentacled starspawn
  An ancient champion (Vaults:3)
  Frances (D:12)
  Agnes (Snake:2)
  A thorn hunter (Swamp:1)
  A tengu reaver (Depths:2)
  An azure jelly (shapeshifter) (Depths:2)
  A storm dragon (Depths:5)
  A revenant (Abyss:3)
  8 fire giants
  6 nagarajas (Snake:4)
  4 orc warlords
  A balrug (Depths:2)
  A deep elf sorcerer (Depths:5)
  A draconian knight (Depths:5)
  2 cacodemons (Abyss:3)
  7 vault wardens
  2 iron dragons (Depths:2)
  Aizul (Snake:2)
  A draconian scorcher (Depths:5)
  An angel (Depths:4)
  9 frost giants
  Louise (Depths:4)
  14 very ugly things
  A spriggan defender (Depths:2)
  9 stone giants
  6 ironheart preservers
  An entropy weaver (Vaults:3)
  Nessos (D:14)
  10 spark wasps
  3 deep elf demonologists
  A yellow draconian (Depths:5)
  Azrael (Snake:2)
  2 red draconians (Depths:5)
  A lorocyproca (Abyss:3)
  A purple draconian (Depths:5)
  A white draconian (Abyss:3)
  Snorg (D:13)
  4 mummy priests (WizLab)
  3 jiangshi (Depths:1)
  A green death (Abyss:3)
  6 ettins
  6 yaktaur captains
  2 fire dragons
  5 great orbs of eyes
  Harold (Lair:4)
  A deep elf high priest (Depths:2)
  7 ice dragons
  2 rakshasas (Abyss:3)
  9 centaur warriors
  5 vault guards
  22 hydras
  10 naga warriors
  16 anacondas
  Erica (D:8)
  A spriggan air mage (Depths:5)
  6 alligators
  37 two-headed ogres
  6 tengu warriors
  9 deep troll earth magi
  8 deep troll shamans
  2 spriggan berserkers (Depths:5)
  8 shock serpents
  13 thrashing horrors
  9 ogre magi
  A titan zombie (WizLab)
  2 vampire magi
  A hell hog (Abyss:3)
  10 naga sharpshooters
  9 orc high priests
  3 hell knights (Abyss:3)
  A soul eater (Depths:1)
  11 wretched stars
  3 sun demons
  2 deep elf knights
  An iron troll (Depths:3)
  3 shadow wraiths
  6 skeletal warriors
  5 sixfirhies
  2 death drakes (Abyss:3)
  6 salamander mystics
  11 swamp dragons
  2 spatial maelstroms (Abyss:2)
  23 deep trolls
  A spark wasp zombie (WizLab)
  2 spriggan druids (Swamp:3)
  A shadow demon (Abyss:3)
  6 glowing orange brains
  3 unseen horrors
  2 wizards
  2 shambling mangroves
  4 deep elf archers
  8 ironbrand convokers
  2 tengu zombies
  5 naga ritualists
  5 flayed ghosts
  6 lindwurms
  2 sphinx zombies
  6 harpies
  9 deep elf magi
  9 necromancers
  17 orc knights
  A fire giant zombie (Vaults:4)
  2 wolf spider zombies
  7 cyclopes
  3 orb spiders
  11 salamanders
  13 mana vipers
  A shadow dragon skeleton (Abyss:3)
  49 ugly things
  4 wolf spiders
  3 manticores
  3 worldbinders (Abyss:3)
  5 orc sorcerers
  A manticore (shapeshifter) (Vaults:3)
  A shining eye (Abyss:3)
  9 elephants
  2 centaur zombies (D:15)
  5 guardian serpents (Snake:4)
  An ice statue (IceCv)
  A guardian serpent (shapeshifter) (Abyss:3)
  A stone giant skeleton (Vaults:1)
  A demonspawn zombie (WizLab)
  12 vault sentinels
  23 naga magi
  A rust devil (Abyss:2)
  12 smoke demons
  32 spiny frogs
  5 orange demons (Abyss:3)
  2 spriggan zombies (WizLab)
  3 gargoyles
  3 eyes of devastation (Depths:3)
  3 yaktaur zombies
  33 black mambas
  A hellion (Abyss:3)
  46 yaktaurs
  A storm dragon simulacrum (Vaults:2)
  2 tormentors
  A demonic crawler (Abyss:2)
  A rime drake (Lair:6)
  4 efreet
  7 komodo dragons
  An entropy weaver simulacrum (Vaults:1)
  15 freezing wraiths
  2 tengu conjurers
  A guardian mummy (WizLab)
  5 ancient zymes
  An ice devil (Abyss:2)
  A hellwing (Abyss:3)
  A red devil (Abyss:3)
  8 hornets
  A yaktaur skeleton (Vaults:2)
  A queen bee (shapeshifter) (Depths:1)
  8 trolls
  A jumping spider (shapeshifter) (Vaults:1)
  A polar bear (shapeshifter) (Vaults:3)
  A shadow dragon simulacrum (Abyss:2)
  14 tyrant leeches
  34 slime creatures
  2 ettin zombies
  28 blink frogs
  9 dream sheep
  7 hippogriffs
  15 raiju
  A hippogriff (shapeshifter) (Vaults:3)
  A blink frog (shapeshifter) (Vaults:3)
  A fire dragon zombie (Depths:1)
  12 bog bodies
  A deep troll zombie (WizLab)
  2 ice dragon zombies
  A meliai zombie (D:10)
  4 shadows
  2 redbacks (Vaults:3)
  4 flying skulls (Abyss:3)
  33 large abominations
  2 spriggans
  2 vampires
  An ettin skeleton (Vaults:1)
  21 small abominations
  6 ynoxinuls
  3 wraiths
  65 yaks
  A water elemental (D:15)
  2 fire elementals (Snake:2)
  2 humans (shapeshifter)
  8 fire bats (Abyss:3)
  8 golden eyes
  A wyvern (D:15)
  7 neqoxecs (Abyss:3)
  4 basilisks
  5 chaos spawn
  A steam dragon (D:7)
  2 hungry ghosts
  15 vampire mosquitoes
  3 spatial vortices (Abyss:2)
  Edmund (D:5)
  An acid dragon (Vaults:1)
  A death yak simulacrum (IceCv)
  16 insubstantial wisps (Abyss:2)
  10 swamp worms
  8 wargs
  41 nagas
  A hydra simulacrum (Abyss:2)
  A water moccasin (shapeshifter) (D:13)
  3 hell hounds
  6 porcupines
  13 water moccasins
  2 floating eyes (Depths:3)
  A deep troll skeleton (Vaults:4)
  A black bear (D:9)
  60 orc warriors
  12 swamp drakes
  An eye of draining (shapeshifter) (Depths:3)
  7 ice beasts
  4 sky beasts
  An eye of draining (D:15)
  3 phantoms
  A hornet zombie (D:10)
  15 wolves
  37 ogres
  19 boggarts
  16 crocodiles
  15 centaurs
  A human skeleton (Vaults:1)
  3 big kobolds
  Blork the orc (D:5)
  4 human zombies
  30 bullfrogs
  4 earth elementals
  A wyvern zombie (D:10)
  4 scorpions
  A killer bee (shapeshifter) (Vaults:4)
  5 wights (Abyss:3)
  3 human simulacra
  4 killer bees (D:8)
  An orc simulacrum (Vaults:1)
  An electric eel (Lair:6)
  8 crimson imps
  7 hounds
  6 jellies
  5 quasits
  2 bullfrog zombies
  3 draconian simulacra (IceCv)
  42 starcursed masses (Abyss:3)
  4 iron imps
  A gnoll shaman (Orc:1)
  21 orc priests
  25 orc wizards
  2 bullfrog skeletons
  8 centaur skeletons
  3 iguanas
  2 polar bear simulacra (IceCv)
  8 troll simulacra (IceCv)
  10 worker ants
  A wolf simulacrum (IceCv)
  2 centaur simulacra (IceCv)
  2 hound skeletons (D:10)
  A mummy (D:5)
  7 gnolls
  8 adders
  3 naga simulacra (IceCv)
  5 ogre simulacra
  5 shadow imps
  15 white imps
  2 ufetubi
  2 oozes
  A worm (D:3)
  A dart slug (D:1)
  3 leopard geckos (D:4)
  90 orcs
  4 ball pythons
  2 giant cockroaches
  5 goblins (D:1)
  7 hobgoblins
  17 jackals
  15 kobolds
  7 quokkas
  A ball python zombie (D:5)
  2 bats (D:1)
  6 frilled lizards
  2 hobgoblin zombies (D:5)
  A jackal skeleton (D:4)
  A kobold zombie (D:5)
  A leopard gecko zombie (D:5)
  3 orc zombies
  2 quokka zombies
  3 rats (D:1)
  2 fungi
  A lurking horror (Abyss:3)
  10 starspawn tentacles
1974 creatures vanquished.

Vanquished Creatures (collateral kills)
  2 bone dragons
  4 tentacled starspawn (Abyss:3)
  2 tengu reavers (Depths:5)
  A nagaraja (Snake:4)
  2 frost giants
  A fire giant (Depths:2)
  3 vault wardens
  2 cacodemons (Abyss:3)
  A very ugly thing (Depths:2)
  A spriggan defender (Depths:5)
  A stone giant (Depths:2)
  An ironheart preserver (Vaults:1)
  A green draconian (Depths:5)
  A white draconian (Depths:5)
  A spark wasp (Depths:5)
  2 yaktaur captains
  An ettin (Depths:3)
  A great orb of eyes (Abyss:3)
  4 ogre magi
  A rakshasa (Abyss:3)
  An ice dragon (Depths:5)
  A centaur warrior (Depths:2)
  2 hydras
  A death knight (Vaults:4)
  A spriggan air mage (Depths:5)
  2 anacondas (Snake:4)
  An alligator (Swamp:2)
  2 two-headed ogres
  A deep troll earth mage (Depths:5)
  2 orc high priests
  7 thrashing horrors (Abyss:3)
  A salamander mystic (Snake:4)
  A hell knight (Abyss:3)
  An unseen horror (Abyss:3)
  A wizard (Vaults:1)
  A naga ritualist (Snake:1)
  A lindwurm (Snake:4)
  A harpy (Vaults:1)
  An orc knight (Vaults:4)
  An ironbrand convoker (Vaults:1)
  A mana viper (Snake:4)
  3 ugly things
  A worldbinder (Abyss:2)
  A guardian serpent (Snake:4)
  A black mamba (Lair:4)
  A cyclops (D:13)
  2 naga magi (Snake:4)
  3 vault sentinels
  An orange demon (Abyss:3)
  2 spiny frogs (Lair:4)
  7 yaktaurs
  2 demonic crawlers (Abyss:3)
  2 rime drakes
  4 ancient zymes (Abyss:3)
  A tyrant leech (Lair:6)
  A slime creature (D:13)
  An ettin zombie (WizLab)
  3 blink frogs (Lair:6)
  2 raiju (Abyss:3)
  2 ynoxinuls (Abyss:3)
  A spriggan (Swamp:3)
  2 neqoxecs (Abyss:3)
  3 yaks
  A vampire mosquito (Lair:6)
  2 nagas
  An ice beast (IceCv)
  An orc warrior (Vaults:3)
  4 large abominations (Abyss:3)
  A wolf (Lair:1)
  A boggart (Depths:3)
  An eye of draining (Abyss:3)
  6 ogres
  2 centaurs
  An earth elemental (Depths:1)
  8 starcursed masses (Abyss:3)
  2 small abominations (Abyss:3)
  An orc wizard (Vaults:2)
  An ufetubus (Abyss:3)
  4 orcs
  A lurking horror (Abyss:3)
  9 starspawn tentacles (Abyss:3)
157 creatures vanquished.

Vanquished Creatures (others)
  An unseen horror (shapeshifter) (Vaults:4)
  A raiju (Abyss:3)
  A swamp worm (Swamp:3)
  A naga (Snake:4)
  A swamp drake (Swamp:4)
  2 small abominations (Abyss:3)
  A jelly (Depths:3)
  An ufetubus (Abyss:3)
  19 fungi
  70 plants
  34 starspawn tentacles
  4 withered plants (D:4)
136 creatures vanquished.

Grand Total: 2267 creatures vanquished

Notes
Turn   | Place    | Note
-------+----------+-------------------------------------------
     0 | D:1      | sking99 the Demonspawn Gladiator began the quest for the Orb.
     0 | D:1      | Reached XP level 1. HP: 16/16 MP: 1/1
   176 | D:1      | Gained mutation: You are surrounded by a mild repulsion field. (EV +2) [demonic ancestry]
   176 | D:1      | Reached XP level 2. HP: 22/22 MP: 2/2
   838 | D:2      | Gained mutation: You have a pair of small horns on your head. [demonic ancestry]
   838 | D:2      | Reached XP level 3. HP: 23/28 MP: 3/3
   850 | D:2      | Found a glowing golden altar of the Shining One.
  1351 | D:2      | Found a faded altar of an unknown god.
  1975 | D:3      | Reached XP level 4. HP: 32/34 MP: 4/4
  2498 | D:4      | Gained mutation: You are surrounded by a moderate repulsion field. (EV +3) [demonic ancestry]
  2498 | D:4      | Reached XP level 5. HP: 39/41 MP: 5/5
  2598 | D:4      | Found a staircase to the Ecumenical Temple.
  2811 | Temple   | Entered the Ecumenical Temple
  2915 | Temple   | Became a worshipper of Gozag Ym Sagoz the Greedy
  3079 | D:4      | Found a runed gate.
  3079 | D:4      | Found a runed gate.
  3082 | D:4      | Found a runed gate.
  3085 | D:4      | Noticed EnegeticOcto's ghost (amateur DDFi)
  3088 | D:4      | Noticed PeterMcNeter's ghost (amateur FoFi)
  3315 | D:4      | Gained mutation: You have a pair of horns on your head. [demonic ancestry]
  3315 | D:4      | Reached XP level 6. HP: 46/47 MP: 6/6
  3351 | D:4      | Reached skill level 5 in Maces & Flails
  3927 | D:5      | Entered Level 5 of the Dungeon
  3988 | D:5      | Noticed an ice beast
  3994 | D:5      | Noticed Blork the orc
  4219 | D:5      | Killed an ice beast
  4219 | D:5      | Gained mutation: You are surrounded by a strong repulsion field. (EV +4, RMsl) [demonic ancestry]
  4219 | D:5      | Reached XP level 7. HP: 52/54 MP: 7/7
  4284 | D:5      | Noticed Edmund
  4298 | D:5      | Killed Edmund
  4596 | D:5      | Killed Blork the orc
  4877 | D:6      | Gained mutation: You regenerate a little health from kills. [demonic ancestry]
  4877 | D:6      | Reached XP level 8. HP: 52/61 MP: 8/8
  4982 | D:6      | Reached skill level 5 in Dodging
  5161 | D:6      | Reached skill level 5 in Fighting
  5737 | D:7      | Noticed a hippogriff
  5750 | D:7      | Killed a hippogriff
  6221 | D:7      | Found a large runed door.
  6417 | D:7      | Found a large runed door.
  6427 | D:7      | Noticed Mamutox's ghost (novice OgCK)
  6684 | D:7      | You fall through a shaft for 2 floors!
  6713 | D:9      | Noticed a troll
  6720 | D:9      | Killed a troll
  6720 | D:9      | Reached skill level 1 in Armour
  6720 | D:9      | Reached XP level 9. HP: 69/69 MP: 9/9
  6756 | D:9      | Noticed a two-headed ogre
  6887 | D:8      | Noticed Erica
  6903 | D:8      | Killed Erica
  6999 | D:8      | Found a shadowy altar of Dithmenos.
  7071 | D:8      | Reached skill level 10 in Maces & Flails
  7766 | D:9      | Killed a two-headed ogre
  7766 | D:9      | Reached XP level 10. HP: 62/76 MP: 10/10
  8128 | D:9      | Noticed a gargoyle
  8140 | D:9      | Killed a gargoyle
  8145 | D:9      | Noticed a gargoyle
  8153 | D:9      | Killed a gargoyle
  8153 | D:9      | Reached skill level 5 in Armour
  8160 | D:9      | Got a heavily runed cloak
  8186 | D:9      | Identified the +0 cloak "Ecrof" {+Inv Dex+2 Slay+5 Stlth-} (You found it on level 9 of the Dungeon)
  8664 | D:10     | Entered Level 10 of the Dungeon
  8733 | D:10     | Noticed a two-headed ogre
  8742 | D:10     | Killed a two-headed ogre
  8841 | D:10     | Noticed a two-headed ogre
  8850 | D:10     | Killed a two-headed ogre
  8954 | D:10     | Gained mutation: A weak demonic guardian rushes to your aid. [demonic ancestry]
  8954 | D:10     | Reached XP level 11. HP: 67/81 MP: 11/11
  9028 | D:10     | Noticed a two-headed ogre
  9031 | D:10     | Noticed a red ugly thing
  9220 | D:10     | Killed a two-headed ogre
  9229 | D:10     | Killed a red ugly thing
  9290 | D:10     | Found a roughly hewn altar of Beogh.
  9851 | D:11     | Found a staircase to the Orcish Mines.
 10091 | D:11     | Found a staircase to the Lair.
 10128 | D:11     | Reached skill level 1 in Shields
 10346 | Lair:1   | Entered Level 1 of the Lair of Beasts
 10402 | Lair:1   | Reached skill level 2 in Shields
 10509 | Lair:1   | Found a frozen archway.
 10524 | Lair:1   | Reached skill level 3 in Shields
 10566 | IceCv    | Entered an ice cave
 10921 | IceCv    | Reached skill level 4 in Shields
 10933 | IceCv    | Reached XP level 12. HP: 46/88 MP: 12/12
 11040 | IceCv    | Found an ancient bone altar of Kikubaaqudgha.
 11066 | IceCv    | Reached skill level 5 in Shields
 11382 | IceCv    | Reached skill level 6 in Shields
 11658 | Lair:1   | Reached skill level 7 in Shields
 11898 | Lair:1   | Reached skill level 8 in Shields
 12174 | Lair:1   | Noticed a four-headed hydra
 12183 | Lair:1   | Killed a four-headed hydra
 12699 | Lair:2   | Noticed a four-headed hydra
 12717 | Lair:2   | Killed a four-headed hydra
 12717 | Lair:2   | Reached skill level 9 in Shields
 12986 | Lair:2   | Found a staircase to the Snake Pit.
 13217 | Lair:2   | Reached skill level 10 in Shields
 13880 | Lair:3   | Found a runed door.
 13900 | Lair:3   | Noticed Peny's ghost (journeyman MiFi)
 14072 | Lair:3   | Reached XP level 13. HP: 93/93 MP: 13/13
 14681 | Lair:4   | Reached skill level 11 in Shields
 15108 | Lair:4   | Found a staircase to the Swamp.
 15207 | Lair:4   | Noticed Harold
 15226 | Lair:4   | Killed Harold
 15226 | Lair:4   | Reached skill level 12 in Shields
 16238 | Lair:5   | Reached skill level 13 in Shields
 16387 | Lair:5   | Found a sparkling altar of Nemelex Xobeh.
 16554 | Lair:6   | Entered Level 6 of the Lair of Beasts
 16830 | Lair:6   | Reached skill level 14 in Shields
 16851 | Lair:6   | Reached XP level 14. HP: 65/100 MP: 14/14
 17333 | Lair:6   | Reached skill level 15 in Shields
 18004 | Lair:6   | Found a runed door.
 18005 | Lair:6   | Found a viscous altar of Jiyva.
 18039 | Lair:6   | Found a staircase to the Slime Pits.
 18197 | Lair:6   | Got a spiked chain mail
 18198 | Lair:6   | Identified the +5 chain mail of the Game Afoot {rC+ Regen+ Int+4} (You found it on level 6 of the Lair of Beasts)
 19010 | D:12     | Found a radiant altar of Vehumet.
 19106 | D:12     | Noticed Frances
 19125 | D:12     | Killed Frances
 19730 | D:13     | Noticed Snorg
 19847 | D:13     | Found a flagged portal.
 19856 | Bailey   | Entered a bailey
 20269 | D:13     | Killed Snorg
 20664 | D:13     | Found Teil's Weapon Boutique.
 20983 | Orc:1    | Entered Level 1 of the Orcish Mines
 21372 | Orc:2    | Entered Level 2 of the Orcish Mines
 21716 | Orc:2    | Noticed an orc warlord
 21760 | Orc:1    | Killed an orc warlord
 21760 | Orc:1    | Gained mutation: You regenerate health from kills. [demonic ancestry]
 21760 | Orc:1    | Reached XP level 15. HP: 110/110 MP: 15/15
 22287 | Orc:2    | Found Dutticabbu's Antique Weapon Shop.
 22305 | Orc:2    | Found Poirez's Antique Armour Boutique.
 22411 | Orc:2    | Paralysed by an orc sorcerer for 2 turns
 22458 | Orc:2    | Found Kilo's Book Boutique.
 22563 | Orc:2    | Paralysed by an orc sorcerer for 7 turns
 22698 | Orc:2    | Found Omnocwawn's General Store.
 22844 | Orc:2    | Found a staircase to the Elven Halls.
 23199 | Orc:2    | Bought a dazzling plate armour for 756 gold pieces
 23199 | Orc:2    | Identified the +6 plate armour "Dina" {rPois} (You bought it in a shop on level 2 of the Orcish Mines)
 23233 | Orc:2    | Bought a manual of Dodging for 1545 gold pieces
 23747 | D:14     | Noticed Nessos
 23771 | D:14     | Killed Nessos
 23816 | D:14     | Found a gate to the Vaults.
 24130 | D:15     | Entered Level 15 of the Dungeon
 24375 | D:15     | Reached skill level 10 in Armour
 24456 | D:15     | Found Wuywaf's Distillery.
 24464 | D:15     | Bought a potion of invisibility for 128 gold pieces
 24464 | D:15     | Bought a potion of heal wounds for 80 gold pieces
 24464 | D:15     | Bought a potion of haste for 160 gold pieces
 24464 | D:15     | Bought a potion of heal wounds for 80 gold pieces
 24572 | D:15     | Reached skill level 10 in Fighting
 24759 | D:15     | Found a runed gate.
 24763 | D:15     | Found a runed gate.
 24764 | D:15     | Found a runed gate.
 24764 | D:15     | Noticed chorionicmirror's ghost (journeyman DsGl)
 24779 | D:15     | Reached skill level 10 in Dodging
 25104 | D:15     | Found a staircase to the Depths.
 25392 | Lair:4   | Bought the amulet of Geqoh {rElec Regen+ Stlth+} for 655 gold pieces
 25392 | Lair:4   | Bought the ring "Labazot" {rElec AC+2 Dex+6 SInv} for 571 gold pieces
 25398 | Swamp:1  | Entered Level 1 of the Swamp
 25403 | Swamp:1  | Noticed a thorn hunter
 25422 | Swamp:1  | Killed a thorn hunter
 26214 | Swamp:2  | Reached XP level 16. HP: 107/123 MP: 16/16
 27086 | Swamp:3  | Found a transporter.
 27546 | Swamp:3  | Found a transporter.
 27781 | Swamp:4  | Entered Level 4 of the Swamp
 28080 | Swamp:4  | Noticed the 27-headed Lernaean hydra
 28093 | Swamp:4  | Killed the 27-headed Lernaean hydra
 28619 | Swamp:4  | Got a decaying rune of Zot
 28968 | Snake:1  | Entered Level 1 of the Snake Pit
 29887 | Snake:1  | Found Rumeawosh's Food Shop.
 30465 | Snake:2  | Reached XP level 17. HP: 134/134 MP: 17/17
 31466 | Snake:3  | Noticed Aizul
 31468 | Snake:3  | Noticed Agnes
 31473 | Snake:3  | Noticed Azrael
 31495 | Snake:2  | Killed Agnes
 31509 | Snake:2  | Killed Aizul
 31609 | Snake:2  | Killed Azrael
 31846 | Snake:3  | Found Nufeulax's Food Boutique.
 31941 | Snake:3  | Reached skill level 16 in Shields
 32304 | Lair:2   | Bought the +10 large shield of Ignorance {rN+ Int-4} for 1375 gold pieces
 32304 | Lair:2   | Bought a pair of steaming boots for 228 gold pieces
 32304 | Lair:2   | Found the +10 large shield of Ignorance {rN+ Int-4}
 32305 | Lair:2   | Identified the cursed +0 pair of boots "Qogiac" {*Slow Str+3 Int+7 Slay+4} (You bought it in a shop on level 2 of the Lair of Beasts)
 32405 | Snake:4  | Entered Level 4 of the Snake Pit
 33336 | Snake:4  | Gained mutation: A demonic guardian rushes to your aid. [demonic ancestry]
 33336 | Snake:4  | Reached XP level 18. HP: 144/144 MP: 18/18
 33489 | Snake:4  | Reached skill level 17 in Shields
 33563 | Snake:4  | Got a serpentine rune of Zot
 33858 | Lair:2   | Bought a dazzling plate armour for 672 gold pieces
 33858 | Lair:2   | Identified the +4 plate armour of Conscience {rC+ Int+7} (You bought it in a shop on level 2 of the Lair of Beasts)
 33996 | Vaults:1 | Entered Level 1 of the Vaults
 34154 | Vaults:1 | Noticed Saint Roka
 34184 | Vaults:1 | Killed Saint Roka
 35169 | Vaults:1 | Identified a scroll of acquirement
 35170 | Vaults:1 | Got a steaming sapphire amulet
 35171 | Vaults:1 | Identified the amulet "Bull" {Spirit Slay+5} (You acquired it on level 1 of the Vaults)
 35782 | Vaults:2 | Reached skill level 18 in Shields
 35793 | Vaults:2 | Noticed an Ice Fiend
 36017 | Vaults:2 | Gained mutation: You have a pair of large horns on your head. [demonic ancestry]
 36017 | Vaults:2 | Reached XP level 19. HP: 153/153 MP: 19/19
 36161 | Vaults:2 | Found a runed gate.
 36161 | Vaults:2 | Found an opulent altar of Gozag.
 36164 | Vaults:2 | Found a runed gate.
 36164 | Vaults:2 | Found a runed gate.
 36199 | Vaults:2 | Found Zikiskec's Antique Armour Boutique.
 36646 | Vaults:2 | Identified the Reference Book on Darkness and Feathers
 37292 | Vaults:3 | Reached skill level 15 in Fighting
 37352 | Vaults:3 | Found a magical portal.
 37355 | WizLab   | Entered Doroklohe's Tomb
 37591 | WizLab   | Noticed a greater mummy
 37613 | WizLab   | Killed a greater mummy
 38396 | WizLab   | Identified the cursed +0 chain mail of the New World {*Drain rN+ Int+4} (You found it in a wizard's laboratory)
 38407 | WizLab   | Identified the cursed +0 chain mail "Ahish" {Int+5} (You found it in a wizard's laboratory)
 38428 | WizLab   | Identified the +4 chain mail "Itykuto" {Int+4} (You took it off a mummy priest in a wizard's laboratory)
 38957 | Vaults:3 | Reached skill level 19 in Shields
 38989 | Vaults:3 | Found a staircase to the Crypt.
 39153 | Vaults:3 | Found Fusafruri's Assorted Antiques.
 39215 | Vaults:3 | Bought a twitching marble ring for 165 gold pieces
 39215 | Vaults:3 | Identified the ring "Acexasau" {Ice MR+ Stlth+} (You bought it in a shop on level 3 of the Vaults)
 39983 | Vaults:4 | Reached skill level 15 in Armour
 40230 | Vaults:4 | Gained mutation: Your flesh is heat resistant. (rF+) [demonic ancestry]
 40230 | Vaults:4 | Reached XP level 20. HP: 163/163 MP: 20/20
 41290 | Depths:1 | Entered Level 1 of the Depths
 41400 | Depths:1 | Found a gateway to a ziggurat.
 41482 | Depths:1 | Reached skill level 20 in Shields
 41659 | Depths:1 | Found a gateway to Hell.
 41782 | Depths:1 | Noticed Mara
 41812 | Depths:1 | Noticed sking99's illusion
 41835 | Depths:1 | Noticed sking99's illusion
 42432 | Depths:1 | Noticed sking99's illusion
 42458 | Depths:1 | Killed Mara
 42941 | Depths:1 | Found a one-way gate leading to the halls of Pandemonium.
 43802 | Depths:2 | Noticed a golden dragon
 43997 | Depths:2 | Killed a golden dragon
 43997 | Depths:2 | Gained mutation: A powerful demonic guardian rushes to your aid. [demonic ancestry]
 43997 | Depths:2 | Reached XP level 21. HP: 127/172 MP: 15/21
 44305 | Depths:2 | Found a sparkling altar of Nemelex Xobeh.
 44524 | Depths:2 | Reached skill level 1 in Evocations
 44590 | Depths:2 | Found a one-way gate to the infinite horrors of the Abyss.
 45346 | Depths:3 | Noticed a golden dragon
 45370 | Depths:3 | Killed a golden dragon
 45915 | Depths:3 | Found a transporter.
 46066 | Depths:3 | Noticed Amnesiac's ghost (adept SpEE)
 46073 | Depths:3 | Found a transporter.
 46129 | Depths:3 | Found a snail-covered altar of Cheibriados.
 46569 | Depths:3 | Reached skill level 21 in Shields
 46569 | Depths:3 | Reached skill level 5 in Evocations
 47086 | Depths:4 | Paralysed by a great orb of eyes for 7 turns
 47197 | Depths:4 | Noticed Louise
 47243 | Depths:4 | Killed Louise
 47625 | Depths:4 | Found a glowing golden altar of the Shining One.
 48033 | Depths:5 | Entered Level 5 of the Depths
 48039 | Depths:5 | Noticed Frederick
 48059 | Depths:5 | Killed Frederick
 48632 | Depths:5 | Cast into level 2 of the Abyss (a deep elf sorcerer)
 48968 | Abyss:2  | Gained mutation: You regenerate a lot of health from kills. [demonic ancestry]
 48968 | Abyss:2  | Reached XP level 22. HP: 182/182 MP: 28/28
 49068 | Depths:5 | Escaped the Abyss
 49534 | Depths:5 | Noticed a juggernaut
 49542 | Depths:5 | Killed a juggernaut
 49644 | Depths:5 | Found a gate to the Realm of Zot.
 50262 | Depths:5 | Voluntarily entered the Abyss.
 50546 | Abyss:2  | Reached skill level 10 in Evocations
 50914 | Abyss:2  | Reached skill level 22 in Shields
 51245 | Abyss:3  | Gained mutation: You are weak. (Str -2) [a cacodemon]
 51475 | Abyss:3  | Gained mutation: Your magical capacity is low. (-10% MP) [a shining eye]
 51872 | Abyss:3  | Gained mutation: Armour fits poorly on your strangely shaped body. [a neqoxec]
 52043 | Abyss:3  | Reached XP level 23. HP: 188/188 MP: 28/28
 52221 | Abyss:3  | Gained mutation: You are very weak. (Str -4) [a neqoxec]
 52236 | Abyss:3  | Gained mutation: You are frail. (-10% HP) [a neqoxec]
 52310 | Abyss:3  | Gained mutation: [Your body sometimes deteriorates upon taking damage.] [a neqoxec]
 52404 | Abyss:3  | Gained mutation: [Scrolls take you a little longer to read.] [a cacodemon]
 52624 | Abyss:3  | Lost mutation: Your magical capacity is low. (-10% MP) [a neqoxec]
 52717 | Abyss:3  | Paralysed by accursed screaming for 1 turns
 52788 | Abyss:3  | Paralysed by accursed screaming for 1 turns
 52800 | Abyss:3  | Paralysed by accursed screaming for 2 turns
 52924 | Abyss:3  | Gained mutation: You are very frail. (-20% HP) [a cacodemon]
 52975 | Abyss:3  | HP: 5/153 [red devil/trident (9)]
 52975 | Abyss:3  | HP: 2/153 [hell knight/nerve-wracking pain (3)]
 52975 | Abyss:3  | Slain by an eight-headed hydra simulacrum

Vault maps used:
D:1:      lightli_arrival_statue_moat, corexii_item_surrounded_by_moat
D:2:      nicolae_overflow_hidden_temple, chequers_ecumenical_altar_twisty,
          minmay_misc_feat_doors, minmay_crystal_water, palyth_stone_intersect,
          tso_metal_star
D:3:      wad_pebble_path, kennysheep_cross_room, minmay_misc_feat_nine_boxes
D:4:      minmay_temple_entry_large_hall, gammafunk_ghost_cemetery,
          kennysheep_small_spiral
D:5:      first_ration, minmay_mini_ossuary, uniq_blork_the_orc, uniq_edmund
D:7:      ebering_ghost_disaster_area
D:8:      blue_anna_alchemist, nicolae_dithmenos_the_darkroom, uniq_erica
D:9:      minmay_radiant
D:10:     david_defended_altar_orc
D:11:     lair_entry_dummy, david_orc_1_choice, minmay_strange_pillars
D:12:     basic_altar, uniq_frances
D:13:     serial_shops, kennysheep_little_box, enter_bailey_2, minivault_22,
          grunt_ministairs_3, uniq_snorg
D:14:     david_vaults_2, serial_park_tiny_pond, serial_bayou_crossing,
          uniq_nessos
D:15:     hangedman_depths_entry_civil_slaughter, minivault_14, serial_shops,
          shop, gammafunk_ghost_necromancy
Temple:   regret_index_temple_sigil_plot
Lair:1:   portal_ice_cave_entry_pillars_1
Lair:2:   minmay_snake_entry_guardpost_small, hangedman_lair_unloving_vines,
          cheibrodos_lair_caveside_slide
Lair:3:   ebering_ghost_funeral_grove
Lair:4:   swamp_mist, columned_hall_lemuel, uniq_harold
Lair:5:   basic_altar, kennysheep_catoblepas_arena, grunt_megastairs_4
Lair:6:   minmay_lair_end_frog_pond, slime_altar_2, grunt_megastairs_1,
          minmay_lair_oklob_chamber
Swamp:1:  serial_swamp_ruin, evilmike_swamp_ruin_house_4,
          evilmike_swamp_ruin_rubble_2, swamp_pool3
Swamp:2:  nicolae_swamp_round_clearing, infiniplex_staircase_pool_2
Swamp:3:  gammafunk_its_a_trap, evilmike_swamp_ruin_house_6
Swamp:4:  grunt_swamp_rune_castle
Snake:1:  serial_shops, nicolae_shop_window_shopping
Snake:2:  st_stairs_1
Snake:3:  serial_shops, shop_fountains, spider_trap, uniq_agnes, uniq_aizul,
          uniq_azrael
Snake:4:  snake_pit_salamanders_mu
Orc:2:    grunt_orc_gardens, grunt_orc_garden, grunt_orc_garden,
          grunt_orc_garden, grunt_orc_garden
Vaults:1: v_alt_pattern_1, nicolae_vaults_network_s, vaults_room_door_ring,
          vaults_room_fours, vaults_room_hallway, nicolae_vaults_hallways_thing,
          v_misc_2, v_misc_31, ontoclasm_vaults_eye, ontoclasm_vaults_fault,
          grunt_vaults_hallway_short, ontoclasm_vaults_decontamination,
          v_misc_18, ontoclasm_vaults_loading_screen, uniq_saint_roka
Vaults:2: ebering_vaults_ghost_gozag, hangedman_vaults_stitches,
          grunt_vaults_hallway_short, hangedman_vaults_locks,
          nicolae_vaults_triangles, v_misc_22, ontoclasm_vaults_pinch,
          serial_shops, shop
Vaults:3: v_misc_19, v_misc_15, v_misc_11, v_misc_33, hangedman_vaults_nodes,
          hangedman_vaults_hat, v_misc_25, minmay_crypt_entry_simple_box,
          hangedman_vaults_unwind, vaults_room_ringed_pool,
          hangedman_vaults_cutoff, ontoclasm_vaults_ligature,
          vaults_room_mumra_shop_pool, mu_enter_wizlab_7
Vaults:4: v_pattern_1, nicolae_vaults_angled_halls, ontoclasm_vaults_chip,
          nicolae_vaults_big_angled_halls, vaults_mumra_chevron,
          vaults_standard_mumra_enter_the_diamond, hangedman_vaults_snaps,
          ontoclasm_vaults_bender, ontoclasm_vaults_ring_large,
          special_room_vaults, v_alt_pattern_4, vaults_dpeg_diagonal,
          vaults_room_pools, hangedman_vaults_cutoff
Depths:1: enter_ziggurat_e, rand_demon_pan_entry_5, nicolae_twisting_strands,
          hell_entry, minmay_misc_feat_diagonals, hangedman_stitches_earthworm,
          uniq_mara
Depths:2: minmay_bad_star, lightli_too_deep, hex_tiny, abyss_entry_crystal,
          nemelex_xobeh_ov_fountains_minmay, kennysheep_random_hallway,
          serial_bayou_shore_b
Depths:3: hangedman_surveillance_ring, marbit_kobold_abyss_entry, pan_entry,
          hell_entry, gammafunk_ghost_mausoleum, cheibriados_altar_1,
          serial_bayou_shore_b
Depths:4: abrahamwl_protected_by_tso_2, hell_entry,
          nicolae_abyss_entry_one_way_or_another, minmay_strange_pillars,
          grunt_pan_entry_zigzag, infiniplex_staircase_pool_1
Depths:5: grunt_zot_entry_tricorne, hell_entry, abyss_entry, minmay_orc_keep,
          uniq_frederick, uniq_enchantress
Abyss:3:  bh_abyss_negative
Bailey:   bailey_polearm_4, bailey
IceCv:    ice_cave_small_necro
WizLab:   wizlab_doroklohe

Skill      XL: |  1  2  3  4  5  6  7  8  9 10 11 12 13 14 15 16 17 18 19 20 21 22 23 |
---------------+----------------------------------------------------------------------+-----
Maces & Flails | 3 4 5 6 8 10 12 14 | 14.0
Dodging        | 3 4 5 6 10 13 | 13.4
Fighting       | 3 4 6 8 10 12 13 14 15 16 17 18 | 18.4
Armour         | 1 4 6 7 8 10 12 13 14 15 | 15.9
Shields        | 4 10 14 15 16 18 19 20 21 22 | 22.7
Evocations     | 8 11 12 | 12.9
Throwing       | |  1.8

Action                   |  1- 3 |  4- 6 |  7- 9 | 10-12 | 13-15 | 16-18 | 19-21 | 22-24 || total
-------------------------+-------+-------+-------+-------+-------+-------+-------+-------++-------
Melee: Flail             |   101 |   157 |   297 |   752 |  1721 |   581 |       |       ||  3609
       Headbutt          |     4 |    32 |    59 |   201 |   476 |   715 |   806 |   500 ||  2793
       Morningstar       |       |       |       |       |       |  1371 |  1889 |   165 ||  3425
       Demon whip        |       |       |       |       |       |       |       |  1206 ||  1206
Throw: Throwing net      |       |       |     4 |       |     6 |     1 |       |       ||    11
Invok: Potion Petition   |       |       |       |     5 |     5 |     2 |     4 |       ||    16
       Call Merchant     |       |       |       |       |     2 |     1 |     2 |       ||     5
Evoke: Wand              |       |       |     1 |       |     2 |     1 |     4 |       ||     8
  Use: Scroll            |     6 |     3 |     3 |    15 |    11 |     9 |    16 |     7 ||    70
       Potion            |       |       |     2 |       |     3 |     6 |     6 |     2 ||    19
 Stab: Sleeping          |     2 |       |       |       |       |       |       |       ||     2
       Paralysed         |       |       |     5 |       |       |       |       |       ||     5
       Distracted        |       |       |     1 |     8 |    25 |    43 |    33 |    27 ||   137
       Held in net/web   |       |       |       |       |     5 |       |       |       ||     5
       Confused          |       |       |       |       |       |     2 |       |       ||     2
       Invisible         |       |       |       |       |       |       |     5 |       ||     5
  Eat: Chunk             |     2 |     4 |       |       |       |       |       |       ||     6
       Ration            |       |     1 |     5 |     5 |    13 |    10 |    13 |     5 ||    52
Armor: Leather armour    |    32 |       |       |       |       |       |       |       ||    32
       Ring mail         |       |    29 |     9 |       |       |       |       |       ||    38
       Scale mail        |       |       |    16 |       |       |       |       |       ||    16
       Plate armour      |       |       |    70 |   244 |   258 |   537 |    41 |       ||  1150
       Chain mail        |       |       |       |       |   104 |       |       |       ||   104
       Crystal plate arm |       |       |       |       |       |       |   358 |   229 ||   587
Dodge: Dodged            |    99 |   130 |   171 |   237 |   576 |   896 |   486 |   245 ||  2840
       Deflected         |       |       |     2 |    13 |    31 |    74 |    33 |    15 ||   168
Block: Shield            |       |       |       |   231 |   918 |   765 |       |       ||  1914
       Large shield      |       |       |       |       |       |  1289 |  2270 |  1075 ||  4634

Table legend:
 A = Spawn XP
 B = Non-spawn XP
 C = Spawn XP percentage of total XP
 D = Spawn monster count
 E = Non-spawn monster count
 F = Spawn count percentage of total count
 G = Total turns spent on level
                    A         B        C        D         E        F      G
               +---------+---------+-------+---------+---------+-------+---------
         Total |  114452 |  798257 |  12.5 |     246 |    1863 |  11.7 | 52975
               +---------+---------+-------+---------+---------+-------+---------
           D:1 |       0 |      36 |   0.0 |       0 |      21 |   0.0 |   820
           D:2 |       0 |      49 |   0.0 |       0 |      15 |   0.0 |  1066
           D:3 |       0 |      68 |   0.0 |       0 |       9 |   0.0 |   593
           D:4 |       0 |     335 |   0.0 |       0 |      25 |   0.0 |  1700
           D:5 |       0 |     820 |   0.0 |       0 |      32 |   0.0 |   580
           D:6 |       0 |     303 |   0.0 |       0 |      10 |   0.0 |   713
           D:7 |       0 |    1068 |   0.0 |       0 |      23 |   0.0 |  1188
           D:8 |       0 |    1913 |   0.0 |       0 |      31 |   0.0 |  1080
           D:9 |       0 |    3359 |   0.0 |       0 |      21 |   0.0 |   973
          D:10 |       0 |    5853 |   0.0 |       0 |      36 |   0.0 |   759
          D:11 |       0 |    1685 |   0.0 |       0 |      19 |   0.0 |  1052
          D:12 |       0 |    4043 |   0.0 |       0 |      15 |   0.0 |   860
          D:13 |       0 |    9508 |   0.0 |       0 |      53 |   0.0 |   951
          D:14 |       0 |   12197 |   0.0 |       0 |      34 |   0.0 |   876
          D:15 |       0 |   18204 |   0.0 |       0 |      39 |   0.0 |  1880
        Lair:1 |       0 |    8723 |   0.0 |       0 |      43 |   0.0 |  1309
        Lair:2 |       0 |    4754 |   0.0 |       0 |      25 |   0.0 |   991
        Lair:3 |       0 |    4985 |   0.0 |       0 |      27 |   0.0 |  1307
        Lair:4 |       0 |    7033 |   0.0 |       0 |      27 |   0.0 |  1157
        Lair:5 |       0 |    7548 |   0.0 |       0 |      27 |   0.0 |   839
        Lair:6 |       0 |   26783 |   0.0 |       0 |      98 |   0.0 |  2094
       Swamp:1 |       0 |    7398 |   0.0 |       0 |      13 |   0.0 |   776
       Swamp:2 |       0 |    4299 |   0.0 |       0 |      13 |   0.0 |   663
       Swamp:3 |       0 |   17246 |   0.0 |       0 |      36 |   0.0 |  1081
       Swamp:4 |       0 |   24107 |   0.0 |       0 |      44 |   0.0 |   997
       Snake:1 |       0 |   15120 |   0.0 |       0 |      29 |   0.0 |  1409
       Snake:2 |       0 |   18405 |   0.0 |       0 |      32 |   0.0 |  1116
       Snake:3 |       0 |   19284 |   0.0 |       0 |      40 |   0.0 |   946
       Snake:4 |       0 |   60533 |   0.0 |       0 |     106 |   0.0 |  1385
         Orc:1 |       0 |    8855 |   0.0 |       0 |      52 |   0.0 |  1085
         Orc:2 |       0 |    9129 |   0.0 |       0 |      45 |   0.0 |  1182
      Vaults:1 |       0 |   52603 |   0.0 |       0 |      94 |   0.0 |  1693
      Vaults:2 |       0 |   36915 |   0.0 |       0 |      91 |   0.0 |  1531
      Vaults:3 |       0 |   47560 |   0.0 |       0 |      91 |   0.0 |  1597
      Vaults:4 |       0 |   41351 |   0.0 |       0 |      87 |   0.0 |  1288
      Depths:1 |       0 |   48292 |   0.0 |       0 |      63 |   0.0 |  1717
      Depths:2 |       0 |   57072 |   0.0 |       0 |      53 |   0.0 |  1749
      Depths:3 |       0 |   36305 |   0.0 |       0 |      55 |   0.0 |  1480
      Depths:4 |       0 |   24523 |   0.0 |       0 |      23 |   0.0 |  1066
      Depths:5 |       0 |   79485 |   0.0 |       0 |      67 |   0.0 |  1793
       Abyss:1 |    1863 |    1504 |  55.3 |       4 |       3 |  57.1 |   243
       Abyss:2 |   26162 |   19634 |  57.1 |      57 |      30 |  65.5 |  1064
       Abyss:3 |   86427 |   25613 |  77.1 |     185 |      78 |  70.3 |  1842
        Bailey |       0 |    2089 |   0.0 |       0 |      16 |   0.0 |   274
         IceCv |       0 |    6108 |   0.0 |       0 |      54 |   0.0 |   943
        WizLab |       0 |   15560 |   0.0 |       0 |      18 |   0.0 |  1148
               +---------+---------+-------+---------+---------+-------+---------
